 Dungeon Crawl Stone Soup version 0.30.1-11-g7821555f0a (webtiles) character file.

Game seed: 15584495551379194522

4 rumournova the Conjurer (level 1, -1/17 HPs)
             Began as a Gnoll Wanderer on Nov 18, 2023.
             Slain by a hobgoblin (3 damage)
             ... on level 1 of the Dungeon.
             The game lasted 00:01:12 (111 turns).

rumournova the Conjurer (Gnoll Wanderer)             Turns: 111, Time: 00:01:12

Health: -1/17      AC:  3    Str: 11    XL:     1   Next: 70%
Magic:  4/4        EV:  8    Int: 11    God:
Gold:   8          SH:  6    Dex: 11    Spells: 5/5 levels left

rFire   . . .        a - +0 short sword
rCold   . . .        f - +0 kite shield
rNeg    . . .        g - +0 leather armour
rPois   .            (no helmet)
rElec   .            (no cloak)
rCorr   .            (no gloves)
SInv    .            (no boots)
Will    .....        (no amulet)
Stlth   +            (no ring)
HPRegen 0.22/turn    (no ring)
MPRegen 0.09/turn

%: no passive effects
@: no status effects
A: fangs 1, strong nose, distributed training
a: no special abilities


You were on level 1 of the Dungeon.
You visited 1 branch of the dungeon, and saw 1 of its levels.

You collected 8 gold pieces.

Inventory:

Hand Weapons
 a - a +0 short sword (weapon)
Missiles
 b - 10 boomerangs (quivered)
Armour
 f - a +0 kite shield (worn)
 g - a +0 leather armour (worn)
Scrolls
 d - a scroll of fear


   Skills:
 + Level 2.4 Fighting
 + Level 4.4 Short Blades
 + Level 0.1 Long Blades
 + Level 0.1 Axes
 + Level 0.1 Maces & Flails
 + Level 0.1 Polearms
 + Level 0.1 Staves
 + Level 0.1 Ranged Weapons
 + Level 2.4 Throwing
 + Level 4.4 Armour
 + Level 0.1 Dodging
 + Level 0.1 Stealth
 + Level 0.1 Shields
 + Level 0.1 Unarmed Combat
 + Level 2.6 Spellcasting
 + Level 5.3 Conjurations
 + Level 0.1 Hexes
 + Level 0.1 Summonings
 + Level 0.1 Necromancy
 + Level 0.1 Translocations
 + Level 0.1 Transmutations
 + Level 0.1 Fire Magic
 + Level 0.1 Ice Magic
 + Level 0.1 Air Magic
 + Level 0.1 Earth Magic
 + Level 0.1 Poison Magic
 + Level 0.2 Invocations
 + Level 0.1 Evocations


You had 5 spell levels left.
You didn't know any spells.
Your spell library contained the following spells:

 Spells                   Type           Power      Damage    Failure   Level
 Foxfire                  Conj/Fire      28%        2x1d5     52%         1
 Kiss of Death            Conj/Necr      28%        2d7       52%         1
 Flame Wave               Conj/Fire      7%         2d5       99%         4


Dungeon Overview and Level Annotations

Branches:
Dungeon (1/15)

Altars:


Innate Abilities, Weirdness & Mutations

You have very sharp teeth.
Your uncanny sense of smell can sniff out nearby items.
Your experience applies equally to all skills.


Message History

You kill the ball python!
You see here a hobgoblin corpse.
You now have 8 gold pieces.
HP restored.
You open the door.
A hobgoblin and a goblin come into view.
The goblin shouts!
Found a stone staircase leading down.
A kobold comes into view. It is wielding a +0 short sword.
The hobgoblin shouts!
There is an open door here.
You completely miss the goblin. You block the goblin's attack.
You hit the goblin.
The goblin is moderately wounded.
The goblin closely misses you.
You hit the goblin.
The goblin is almost dead.
The hobgoblin hits you. The goblin closely misses you.
You hit the goblin but do no damage.
The goblin is almost dead.
The hobgoblin hits you. The goblin hits you with a +0 club.
You hit the goblin.
You kill the goblin!
The hobgoblin barely misses you.
You miss the kobold.
The hobgoblin hits you but does no damage.
You block the kobold's attack.
You closely miss the kobold.
The hobgoblin hits you but does no damage.
The kobold hits you with a +0 short sword.
* * * LOW HITPOINT WARNING * * *
You hit the kobold.
You kill the kobold!
The hobgoblin hits you.
* * * LOW HITPOINT WARNING * * *
You completely miss the hobgoblin. The hobgoblin completely misses you.
You hit the hobgoblin.
The hobgoblin is severely wounded.
The hobgoblin hits you.
You die...

###.#.##.......# #.#
#........#.###.# #.#
#.....####.# #.# #.#
##.##..........###.###.#
..........####.........#
#######.### ####.....##
#.# #...#.# #.# #####.#
#@# #.# #g)># ...
#.....# .#. #.......# #
#. #.........#
+.........+ #.........#
##.......##


You could see a hobgoblin.

Vanquished Creatures
  A goblin (D:1)
  A hobgoblin (D:1)
  A kobold (D:1)
  A ball python (D:1)
4 creatures vanquished.

Notes
Turn   | Place    | Note
-------+----------+-------------------------------------------
     0 | D:1      | rumournova the Gnoll Wanderer began the quest for the Orb.
     0 | D:1      | rumournova set off with the following items: a +0 short
                  | sword, 10 boomerangs, a +0 dagger, a scroll of fear, a +0
                  | robe; and the following spells available to memorise:
                  | Foxfire, Kiss of Death, Flame Wave.
     0 | D:1      | Reached XP level 1. HP: 17/17 MP: 4/4
   111 | D:1      | Slain by a hobgoblin

Illustrated notes

Levels and vault maps discovered:
D:1:      dpeg_arrival_arbitrary_a, layout_loops_corners, supply_closet_lemuel

Action                     || total
---------------------------++-------
  Melee: Short sword       ||    14
         Bite              ||     1
 Armour: Leather armour    ||     4
  Dodge: Dodged            ||     7
  Block: Kite shield       ||     3
